 Dungeon Crawl Stone Soup version 0.17.0-26-gececa24 (webtiles) character file.

8328 fredomojojo the Covert (level 11, -1/80 (83) HPs)
             Began as a Vampire Assassin on Nov 20, 2015.
             Was a Priest of Dithmenos.
             Succumbed to a killer bee's poison
             ... on level 8 of the Dungeon on Nov 21, 2015.
             The game lasted 03:18:10 (12984 turns).

fredomojojo the Covert (Vampire Assassin)          Turns: 12984, Time: 03:18:10

HP:   -1/80 (83)    AC: 10    Str: 10    XL:     11   Next: 8%
MP:   11/11         EV: 22    Int: 14    God:    Dithmenos [***...]
Gold: 570           SH:  0    Dex: 19    Spells: 0 memorised, 10 levels left

rFire  + . .     SeeInvis +     F - +2 short sword (protect)
rCold  . . .     Clarity  .     M - +1 robe {MR+}
rNeg   + . .     SustAt   .     (no shield)
rPois  .         Gourm    .     (no helmet)
rElec  .         Spirit   .     H - +0 cloak
rCorr  +         Warding  .     a - +0 pair of gloves
rMut   .         Stasis   .     (no boots)
MR     ++...                    J - amulet of resist corrosion
Stlth  +++++++++.               (no ring)
                                D - ring of protection from fire

@: lethally poisoned (-1 -> -14), very slightly contaminated, wreathed by umbra,
very resistant to hostile enchantments, incredibly stealthy
A: fangs 3, see invisible, unbreathing
a: Bat Form, Shadow Step, Renounce Religion


You were on level 8 of the Dungeon.
You worshipped Dithmenos.
Dithmenos was most pleased with you.
You were not thirsty.

You visited 2 branches of the dungeon, and saw 11 of its levels.

You collected 570 gold pieces.

Inventory:

Hand Weapons
 h - a +3 scimitar of flaming
 p - a +0 dagger of venom
 w - a +0 blowgun
 x - a +2 dagger of draining
 F - a +2 short sword of protection (weapon)
 I - a +3 long sword
 R - a +3 scimitar of freezing
Missiles
 e - 47 poisoned needles
 f - 4 curare-tipped needles
 u - 3 javelins (quivered)
 z - 2 throwing nets
Armour
 a - a +0 pair of gloves (worn)
 c - a +0 robe of the Archmagi
 H - a +0 cloak (worn)
 M - a +1 robe of magic resistance (worn)
Jewellery
 k - an uncursed ring of teleportation
 D - a ring of protection from fire (left hand)
 J - an amulet of resist corrosion (around neck)
Wands
 j - a wand of draining (6)
 Q - a wand of enslavement (11)
Scrolls
 d - a scroll of magic mapping {unknown}
 l - a scroll of blinking
 q - 3 scrolls of random uselessness
 r - 2 scrolls of immolation
 A - 3 scrolls of remove curse
 B - 3 scrolls of recharging {unknown}
 E - a scroll of amnesia {unknown}
 K - a scroll of noise {unknown}
 L - 4 scrolls of identify
 O - a scroll of enchant armour {unknown}
Potions
 g - 9 potions of blood
 i - a potion of resistance {unknown}
 m - a potion of beneficial mutation {unknown}
 n - a potion of agility {unknown}
 s - a potion of ambrosia
 t - 2 potions of might {unknown}
 v - 2 potions of flight
 G - a potion of haste
 N - a potion of cancellation {unknown}
Miscellaneous
 b - a plain deck of wonders {drawn: 2}


   Skills:
 + Level 6.4 Fighting
 + Level 7.4 Short Blades
 + Level 4.0 Throwing
 + Level 11.5 Dodging
 + Level 13.9 Stealth
 + Level 0.5 Evocations


You had 10 spell levels left.
You didn't know any spells.

Dungeon Overview and Level Annotations

Branches:
Dungeon (10/15)            Temple (1/1) D:5             Orc (0/4) D:9
   Lair: D:8-11

Altars:
Ashenzari
Cheibriados
Dithmenos
Elyvilon
Fedhas
Gozag
Kikubaaqudgha
Makhleb
Nemelex Xobeh
Okawaru
Qazlal
Ru
Sif Muna
Trog
Vehumet
Xom
Yredelemnul
Zin
The Shining One

Shops:
D:4 (**!!   D:8 [===}

Annotations:
D:3 Armakuni's ghost, weakling DsAK
D:4 Gravenous's ghost, amateur TeNe
D:10 Gravenous's ghost, journeyman TeNe


Innate Abilities, Weirdness & Mutations

You have razor-sharp teeth.
You have supernaturally acute eyesight.
You can survive without breathing.


Message History

You feel sick. The killer bee stings you.
* * * LOW HITPOINT WARNING * * *
You are more poisoned.
The killer bee poisons you!
You hit the killer bee.
You kill the killer bee!
Dithmenos accepts your kill.
* * * LOW HITPOINT WARNING * * *
You feel sick.
There is a lethal amount of poison in your body!
Unknown command.
There is a lethal amount of poison in your body!
There is a lethal amount of poison in your body!
There is a lethal amount of poison in your body!
There is a lethal amount of poison in your body!
There is a lethal amount of poison in your body!
There is a lethal amount of poison in your body!
* * * LOW HITPOINT WARNING * * *
You feel sick.
You die...

#...............####...#
##.##.#..#.#####.# ###.#
#..)....##.......# #.#
#..##..###..###### #.# #####
#..#..##.))## #.# ....
#<...#.###)# #.#
..)######...##..##(# #.#
......∩....###)..#.############.#
...#####..##.'.†@...............#
..## ###..###...#.....#.########
..# #.....##..##..####.# # ..#
#.##...#.###.#####.##### #
..#####.##....##∩'...........# #
........##.##.%###.#####.###.# #
.######.##.###..##.# ##)###.#
.......[.........#.# ##...##.#
#######.##.###.#..[###..[.)#.#


There were no monsters in sight!

Vanquished Creatures
  Erolcha (D:8)
  Erica (D:9)
  An ugly thing (D:9)
  Maurice (D:8)
  Joseph (D:9)
  A trapdoor spider zombie (D:9)
  Prince Ribbit (D:9)
  A wyvern (D:9)
  A hippogriff (D:9)
  Menkaure (D:7)
  A hungry ghost (D:8)
  Edmund (D:4)
  A black bear (D:8)
  An ice beast (D:5)
  An orc warrior (D:9)
  5 phantoms
  3 sky beasts
  A wasp (D:9)
  3 necrophages
  6 centaurs
  4 ogres
  4 giant frogs
  3 big kobolds
  4 killer bees (D:8)
  A scorpion (D:9)
  A water moccasin skeleton (D:4)
  2 troll zombies (D:9)
  7 wights
  9 orc priests
  A giant frog zombie (D:5)
  4 crimson imps
  2 jellies
  Ijyb (D:3)
  2 hounds (D:6)
  10 orc wizards
  7 worker ants
  3 giant frog skeletons
  2 iguanas
  An ogre zombie (D:9)
  2 hound skeletons
  A mummy (D:8)
  A worker ant zombie (D:9)
  4 river rats (D:2)
  13 adders
  9 gnolls
  3 shadow imps
  2 oozes
  3 adder skeletons
  An adder zombie (D:5)
  3 worms
  26 orcs
  3 ball pythons
  7 giant cockroaches
  5 hobgoblins
  3 jackals (D:7)
  28 kobolds
  2 quokkas
  8 bats
  A giant gecko zombie (D:9)
  6 giant newts
  8 goblins
  A goblin skeleton (D:9)
  3 goblin zombies
  3 hobgoblin skeletons (D:9)
  3 hobgoblin zombies (D:9)
  A jackal skeleton (D:4)
  10 orc zombies (D:9)
  8 rats
269 creatures vanquished.

Vanquished Creatures (others)
  An orc wizard (D:9)
  A worker ant (D:9)
2 creatures vanquished.

Grand Total: 271 creatures vanquished

Notes
Turn   | Place    | Note
--------------------------------------------------------------
     0 | D:1      | fredomojojo the Vampire Assassin began the quest for the Orb.
     0 | D:1      | Reached XP level 1. HP: 16/16 MP: 1/1
   109 | D:1      | Reached skill level 6 in Stealth
   327 | D:1      | Reached XP level 2. HP: 22/22 MP: 2/2
   617 | D:1      | Reached skill level 7 in Stealth
   617 | D:1      | Reached XP level 3. HP: 27/27 MP: 3/3
  1170 | D:2      | Reached XP level 4. HP: 8/33 MP: 4/4
  1434 | D:2      | Reached skill level 8 in Stealth
  1757 | D:3      | Noticed Ijyb
  1760 | D:3      | Killed Ijyb
  1837 | D:3      | Reached XP level 5. HP: 34/38 MP: 5/5
  2049 | D:3      | Noticed Armakuni's ghost (weakling DsAK)
  2152 | D:2      | Found a faded altar to an unknown god.
  2385 | D:3      | Noticed a necrophage
  2409 | D:3      | Killed a necrophage
  2409 | D:3      | Reached skill level 9 in Stealth
  2443 | D:3      | Reached XP level 6. HP: 29/44 MP: 6/6
  2460 | D:3      | HP: 1/44 [orc priest/mace (2)]
  2887 | D:3      | HP: 2/44 [gnoll/halberd (16)]
  3394 | D:4      | Found Foasyid's General Store.
  3402 | D:4      | Found Nufey's Assorted Antiques.
  3481 | D:4      | Found Dawnukk's Distillery.
  3489 | D:4      | Found Potutah's Distillery.
  3637 | D:4      | Noticed Gravenous's ghost (amateur TeNe)
  3948 | D:4      | Noticed Edmund
  3955 | D:4      | Killed Edmund
  3955 | D:4      | Reached XP level 7. HP: 49/49 MP: 7/7
  4081 | D:4      | Found Duidexav's Weapon Emporium.
  5208 | D:5      | Entered Level 5 of the Dungeon
  5252 | D:5      | Reached skill level 5 in Dodging
  5633 | D:5      | Reached XP level 8. HP: 56/58 MP: 8/8
  5695 | D:5      | Reached skill level 10 in Stealth
  6433 | D:5      | Found a staircase to the Ecumenical Temple.
  6442 | Temple   | Entered the Ecumenical Temple
  6560 | Temple   | Became a worshipper of Dithmenos the Shadowed
  6718 | D:6      | Reached skill level 11 in Stealth
  6912 | D:6      | Found an iron altar of Okawaru.
  6912 | D:6      | Found a white marble altar of Elyvilon.
  6912 | D:6      | Found a radiant altar of Vehumet.
  7034 | D:7      | Found a shattered altar of Ashenzari.
  7173 | D:7      | Noticed Menkaure
  7226 | D:6      | Reached XP level 9. HP: 19/65 MP: 9/9
  7719 | D:7      | Found an ancient bone altar of Kikubaaqudgha.
  7797 | D:7      | Killed Menkaure
  7797 | D:7      | Reached * piety under Dithmenos
  7797 | D:7      | Reached skill level 12 in Stealth
  7851 | D:7      | Reached skill level 5 in Short Blades
  8793 | D:8      | Found Nuweas's Antique Armour Emporium.
  8824 | D:8      | Noticed Maurice
  8862 | D:8      | Killed Maurice
  8862 | D:8      | Reached skill level 5 in Fighting
  8940 | D:7      | Reached ** piety under Dithmenos
  9183 | D:8      | Found a sand-covered staircase.
  9244 | D:8      | Found Aclitoat's Gadget Boutique.
  9397 | D:8      | Reached XP level 10. HP: 72/72 MP: 10/10
  9415 | D:8      | Found Replun's Jewellery Boutique.
  9434 | D:8      | Noticed Erolcha
  9439 | D:8      | Found Ituomina's Jewellery Emporium.
  9471 | D:8      | Killed Erolcha
  9471 | D:8      | Reached skill level 13 in Stealth
  9538 | D:8      | Found Caikol's Jewellery Shop.
  9599 | D:9      | Noticed a purple ugly thing
  9638 | D:9      | Killed a purple ugly thing
  9638 | D:9      | Reached skill level 10 in Dodging
 10331 | D:9      | Found a shimmering altar of Xom.
 10460 | D:10     | Entered Level 10 of the Dungeon
 10460 | D:10     | Noticed Gravenous's ghost (journeyman TeNe)
 10578 | D:9      | Noticed Prince Ribbit
 10606 | D:9      | Killed Prince Ribbit
 10806 | D:9      | Found a staircase to the Orcish Mines.
 10835 | D:9      | Noticed Joseph
 11183 | D:9      | Noticed Erica
 11188 | D:9      | Reached *** piety under Dithmenos
 11231 | D:9      | Killed Erica
 11686 | D:9      | Killed Joseph
 12115 | D:9      | Reached XP level 11. HP: 58/78 MP: 11/11
 12887 | D:8      | HP: 4/80 [poisoned by a killer bee]
 12895 | D:8      | HP: 3/80 [poisoned by a killer bee]
 12903 | D:8      | HP: 3/80 [poisoned by a killer bee]
 12980 | D:8      | HP: 4/80 [poisoned by a killer bee]
 12982 | D:8      | HP: 1/80 [poisoned by a killer bee]
 12984 | D:8      | Succumbed to a killer bee's poison

Action                   |  1- 3 |  4- 6 |  7- 9 | 10-12 || total
-------------------------+-------+-------+-------+-------++-------
Melee: Dagger            |    64 |   160 |   252 |   363 ||   839
       Short sword       |       |       |   432 |   235 ||   667
       Scimitar          |       |       |       |    12 ||    12
 Fire: Blowgun           |    11 |    13 |    29 |    12 ||    65
Throw: Javelin           |     6 |     9 |     2 |     1 ||    18
Evoke: Deck              |       |       |       |     2 ||     2
       Wand              |       |       |       |     1 ||     1
  Use: Potion            |     1 |    10 |    22 |    14 ||    47
       Scroll            |       |     4 |     4 |     6 ||    14
 Stab: Sleeping          |     9 |    13 |    25 |     5 ||    52
       Distracted        |     2 |     3 |     5 |     6 ||    16
